AoeStats
← Dragonhell0106

Arena

510433061Analyzed
2v2 RM · 1d ago on Oct 1, 2026· 77m 30s· 4 players
Game mode
Random Map
Map size
Medium (4 player)
Population
200
Speed
Normal
Resources
Standard
Victory
Conquest
Starting age
Dark Age
Ending age
Imperial Age
RankedLock teamsTeams togetherTeam positionsShared explorationLock speedFull tech treeHidden civsTurbo modeCheats
Victory
Defeat
🇺🇸 Teutons · United States
717
+19
🇨🇴 Turks · Colombia
647
+21
🇨🇱 Sicilians · Chile
781
-20
🇨🇱 Khmer · Chile
781
-20
Dragonhell0106
12:16 Feudal Age
17:04 Castle Age
15:09 Loom
21:19 Gold Mining
24:05 Gold Shaft Mining
30:04 Imperial Age
28:11 Double-Bit Axe
45:20 Fletching
63:11 Bow Saw
72:36 Scale Mail Armor
77:14 Horse Collar
Alberto Picante
0:29 Loom
14:22 Feudal Age
14:52 Horse Collar
15:49 Wheelbarrow
15:04 Double-Bit Axe
15:12 Gold Mining
16:29 Stone Mining
16:35 Man-at-Arms
19:07 Fletching
20:53 Forging
20:46 Scale Mail Armor
27:25 Castle Age
Matigrame
11:52 Feudal Age
10:10 Loom
18:19 Castle Age
18:52 Fletching
23:57 Scale Mail Armor
35:53 Forging
37:30 Horse Collar
43:04 Double-Bit Axe
kinepablo1
11:41 Feudal Age
16:05 Castle Age
14:49 Stone Mining
15:47 Double-Bit Axe
24:28 Tusk Swords
29:33 Loom
30:53 Wheelbarrow
31:17 Bow Saw
30:55 Horse Collar
31:09 Gold Mining
31:54 Stone Shaft Mining
32:44 Heavy Plow
33:22 Caravan
34:39 Fortified Wall
34:25 Murder Holes
34:51 Ballistics
37:30 Imperial Age
36:37 Hand Cart
36:29 Padded Archer Armor
36:20 Fletching
36:40 Forging
36:36 Scale Barding Armor
37:09 Husbandry
37:20 Bloodlines
37:37 Leather Archer Armor
37:58 Elite Battle Elephant
43:34 Light Cavalry
46:27 Cavalier
48:09 Cavalier
50:42 Iron Casting
50:27 Chain Barding Armor
49:37 Light Cavalry
53:14 Light Cavalry
Connection lost

Rejoining the realm…

Still unreachable

The connection could not be restored.

Session expired

The server has moved on; the page needs a fresh start.